 Dungeon Crawl Stone Soup version 0.29-a0-340-g6efceafd81 (webtiles) character file.

Game seed: 9091791954832836518

772 HendSelp the Poker (level 7, -3/51 (53) HPs)
             Began as a Demonspawn Gladiator on Apr 19, 2022.
             Slain by a gnoll shaman
             ... wielding a +0 club
              (10 damage)
             ... on level 4 of the Dungeon.
             The game lasted 00:13:27 (7777 turns).

HendSelp the Poker (Demonspawn Gladiator)           Turns: 7777, Time: 00:13:28

HP:   -3/51 (53)    AC:  5    Str: 17    XL:     7   Next: 53%
MP:   7/7           EV: 14    Int:  9    God:
Gold: 307           SH:  0    Dex: 18    Spells: 6/6 levels left

rFire   . . .      SeeInvis .   a - +0 trident
rCold   . . .      Faith    .   (no shield)
rNeg    . . .      Spirit   .   b - +0 leather armour
rPois   .          Reflect  .   c - +0 helmet
rElec   .          Harm     .   (no cloak)
rCorr   .          Rampage  .   h - +0 pair of gloves
Will    .....                   (no boots)
Stlth   +++.......              (no amulet)
HPRegen 0.17/turn               (no ring)
MPRegen 0.20/turn               (no ring)

@: lightly drained
A: thin skeletal structure 2, powered by death 2, magic regeneration
a: no special abilities


You were on level 4 of the Dungeon.
You visited 1 branch of the dungeon, and saw 5 of its levels.

You collected 307 gold pieces.

Inventory:

Hand Weapons
 a - a +0 trident (weapon)
 j - a +0 glaive
Missiles
 e - a javelin (quivered)
 l - 3 throwing nets
Armour
 b - a +0 leather armour (worn)
 c - a +0 helmet (worn)
 h - a +0 pair of gloves (worn)
Wands
 k - a wand of flame (50)
Scrolls
 d - a scroll of blinking
 i - 2 scrolls of amnesia
 p - a scroll of fog
Potions
 g - a potion of brilliance
 n - a potion of cancellation
 o - a potion of ambrosia {unknown}


   Skills:
 + Level 3.7 Fighting
 + Level 6.1 Polearms
 - Level 1.7 Throwing
 + Level 2.7 Armour
 + Level 4.2 Dodging


You had 6 spell levels left.
You didn't know any spells.
Your spell library contained the following spells:

 Spells                   Type           Power      Damage    Failure   Level
 Corpse Rot               Necr/Air       0%         N/A       58%         2
 Static Discharge         Conj/Air       0%         N/A       58%         2
 Ozocubu's Armour         Ice            0%         N/A       82%         3
 Animate Dead             Necr           0%         N/A       99%         4
 Dispel Undead            Necr           0%         3d6       99%         4
 Borgnjor's Vile Clutch   Necr/Erth      0%         N/A       100%        5
 Lightning Bolt           Conj/Air       0%         1d11      100%        5
 Death Channel            Necr           0%         N/A       100%        6
 Ozocubu's Refrigeration  Ice            0%         4d5       100%        7
 Maxwell's Capacitive Co  Air            0%         ∞         100%        8


Dungeon Overview and Level Annotations

Branches:
Dungeon (5/15)
 Temple: D:4-7

Altars:
Trog

Shops:
D:4 *


Innate Abilities, Weirdness & Mutations

You have a moderately thin skeletal structure. (Dex +4, Stealth++)
You regenerate health from kills.
You regenerate magic rapidly.


Message History

You are too injured to fight recklessly!
You are too injured to fight recklessly!
You are too injured to fight recklessly!
You are too injured to fight recklessly!
You are too injured to fight recklessly!
You are too injured to fight recklessly!
You are too injured to fight recklessly!
You are too injured to fight recklessly!
You are too injured to fight recklessly!
You are too injured to fight recklessly!
You are too injured to fight recklessly!
You are too injured to fight recklessly!
You are too injured to fight recklessly!
You are too injured to fight recklessly!
You are too injured to fight recklessly!
Unknown command.
The gnoll shaman closely misses you. The gnoll closely misses you.
The gnoll hits you with a +0 halberd!
There is an escape hatch in the ceiling, spattered with blood here.
The gnoll misses you.
The gnoll shaman hits you but does no damage.
The gnoll closely misses you. The gnoll hits you with a +0 halberd!
* * * LOW HITPOINT WARNING * * *
A mysterious force pulls you upwards. The hatch slams shut behind you.
Unknown command.
Unknown command.
Unknown command.
Unknown command.
As you read the scroll of fear, it crumbles to dust.
You assume a fearsome visage.
The gnoll looks frightened!
The gnoll shaman looks frightened!
The gnoll looks frightened!
Unknown command.
You catch the helpless gnoll shaman completely off-guard!
You hit the gnoll shaman.
Your attack snaps the gnoll shaman out of its fear.
The gnoll shaman is heavily wounded.
You hit the gnoll shaman but do no damage.
The gnoll shaman is heavily wounded.
The gnoll shaman hits you with a +0 club!
You die...

#.#####.......# #.#
####.#.## #.# #.#.#
##.# #.#.# #..# #.#.#
# #.## #.#.#### #.#
#.#..... #.# #.######
##@## #.# # ##.g.##
#.# # ##.....## ##)##
#
##.......#####.#>#####
#....g....##..###.....
#............#.#.#####
#.........#####.##
##.......## #.#
##.....## #.# ####


You could see a gnoll shaman and a gnoll (fleeing).

Vanquished Creatures
  Duvessa (D:5)
  A gnoll sergeant (D:4)
  A scorpion (D:4)
  Dowan (D:5)
  2 hounds (D:5)
  A jelly (D:4)
  Ijyb (D:5)
  20 gnolls
  4 adders
  A worm (D:3)
  2 dart slugs
  3 orcs
  10 ball pythons
  A bat (D:3)
  12 endoplasms
  A giant cockroach (D:1)
  25 hobgoblins
  7 jackals
  10 kobolds
  10 quokkas
  4 frilled lizards
  30 goblins
  4 rats
152 creatures vanquished.

Vanquished Creatures (others)
  4 plants (D:4)
4 creatures vanquished.

Grand Total: 156 creatures vanquished

Notes
Turn   | Place    | Note
-------+----------+-------------------------------------------
     0 | D:1      | HendSelp the Demonspawn Gladiator began the quest for the
                  | Orb.
     0 | D:1      | Reached XP level 1. HP: 16/16 MP: 1/1
   171 | D:1      | Gained mutation: You have a somewhat thin skeletal
                  | structure. (Dex +2, Stealth+) [demonic ancestry]
   171 | D:1      | Reached XP level 2. HP: 20/22 MP: 2/2
   275 | D:1      | Reached skill level 3 in Polearms
  1003 | D:1      | You fall into a shaft and drop 1 floor!
  1003 | D:2      | Found a bloodstained altar of Trog.
  1049 | D:2      | Gained mutation: You regenerate magic rapidly. [demonic
                  | ancestry]
  1049 | D:2      | Reached XP level 3. HP: 17/27 MP: 3/3
  1764 | D:1      | Reached skill level 1 in Armour
  2220 | D:3      | Found a faded altar of an unknown god.
  2304 | D:3      | Reached XP level 4. HP: 33/33 MP: 4/4
  2967 | D:4      | Found Baraisef's Mayhem Merchandise.
  3255 | D:4      | Reached skill level 4 in Polearms
  3430 | D:4      | Noticed a gnoll sergeant
  3441 | D:4      | Gained mutation: You regenerate a little health from kills.
                  | [demonic ancestry]
  3441 | D:4      | Reached XP level 5. HP: 31/39 MP: 5/5
  5032 | D:4      | Gained mutation: You have a moderately thin skeletal
                  | structure. (Dex +4, Stealth++) [demonic ancestry]
  5032 | D:4      | Reached XP level 6. HP: 46/46 MP: 6/6
  5636 | D:4      | Reached skill level 5 in Polearms
  6089 | D:5      | Entered Level 5 of the Dungeon
  6123 | D:5      | Noticed Ijyb
  6139 | D:5      | Killed Ijyb
  6314 | D:5      | Noticed Duvessa
  6315 | D:5      | Noticed Dowan
  6328 | D:5      | Killed Duvessa
  6329 | D:5      | Gained mutation: You regenerate health from kills. [demonic
                  | ancestry]
  6329 | D:5      | Reached XP level 7. HP: 30/52 MP: 7/7
  6346 | D:5      | Killed Dowan
  7370 | D:5      | Reached skill level 6 in Polearms
  7777 | D:4      | Slain by a gnoll shaman

Illustrated notes

Levels and vault maps discovered:
D:1:      sevenhm_arrival_forest_fort_small_3, layout_basic, st_stairs_11,
          minmay_3d_cube
D:2:      layout_basic, basic_altar
D:3:      layout_loops_ring, hellmonk_ecumenical_altar_arch_garden,
          minmay_quadrilaterals
D:4:      minmay_goblin_kobold_castle, layout_loops_ring, minmay_shop_mayhem,
          nicolae_grassy_gnolls
D:5:      layout_basic, serial_shops, kennysheep_little_box, uniq_duvessa,
          uniq_grinder, uniq_ijyb

Skill      XL: |  1  2  3  4  5  6  7 |
---------------+----------------------+-----
Dodging        | 3 4 |  4.2
Polearms       | 3 4 5 6 |  6.1
Armour         | 1 2 |  2.7
Fighting       | 3 |  3.7
Throwing       | |  1.7

Action                   |  1- 3 |  4- 6 |  7- 9 || total
-------------------------+-------+-------+-------++-------
Melee: Trident           |   117 |   363 |    94 ||   574
       Punch             |     1 |     6 |     1 ||     8
Throw: Throwing net      |       |     1 |     3 ||     4
Evoke: Wand              |       |     6 |     1 ||     7
  Use: Scroll            |     5 |     7 |     4 ||    16
       Potion            |       |     4 |     1 ||     5
 Stab: Sleeping          |    10 |    11 |       ||    21
       Paralysed         |       |    10 |       ||    10
       Distracted        |       |     2 |     1 ||     3
       Fleeing           |       |       |     1 ||     1
Armor: Leather armour    |    27 |   103 |    23 ||   153
       Skin              |       |    30 |       ||    30
Dodge: Dodged            |    63 |   300 |   117 ||   480

Table legend: (Time is in decaauts)
 A = Elapsed time spent in this place.
 B = Non-inter-level travel time spent in this place.
 C = Inter-level travel time spent in this place.
 D = Time resting spent in this place.
 E = Time spent auto-exploring this place.
 F = Levels seen in this place.
 G = Mean time per level.
                   A        B        C        D        E       F      G
               +--------+--------+--------+--------+--------+-----+--------+
         Total |   7834 |   7609 |    225 |   1723 |   4708 |   5 | 1566.8 |
       Dungeon |   7834 |   7609 |    225 |   1723 |   4708 |   5 | 1566.8 |
               +--------+--------+--------+--------+--------+-----+--------+

Top non-repeatable levels by time:
     D:4: 3682 daAuts
     D:1: 1375 daAuts
     D:3: 1257 daAuts
     D:2: 798 daAuts
     D:5: 720 daAuts
